 Dungeon Sprint DCSS version 0.18-a0-1358-gd0e7041 (webtiles) character file.

515 Reinor the Cruncher (level 7, -7/56 HPs)
             Began as a Minotaur Gladiator on Feb 20, 2016.
             Was a Follower of Okawaru.
             Mangled by an unseen horror (8 damage)
             ... in the Dungeon (Sprint IX: "|||||||||||||||||||||||||||||").
             The game lasted 00:03:03 (376 turns).

Reinor the Cruncher (Minotaur Gladiator)             Turns: 376, Time: 00:03:04

Health: -7/56      AC:  9    Str: 23    XL:     7   Next: 0%
Magic:  6/6        EV: 15    Int:  5    God:    Okawaru [*.....]
Gold:   0          SH:  0    Dex: 12    Spells: 0 memorised, 6 levels left

rFire  . . .     SeeInvis .     p - +0 lajatang
rCold  . . .     Gourm    .     a - +2 ring mail
rNeg   . . .     Faith    .     (shield currently unavailable)
rPois  .         Spirit   .     c - +0 hat
rElec  .         Dismiss  .     (no cloak)
rCorr  .         Reflect  .     (no gloves)
SustAt .         Harm     .     (no boots)
MR     .....     NoTele   +     (no amulet)
Stlth  +.........               r - +3 ring of strength
                                q - +2 ring of protection

@: not resistant to hostile enchantments, very unstealthy
A: retaliatory headbutt, horns 2
a: Heroism, Renounce Religion


You were in the Dungeon.
You worshipped Okawaru.
Okawaru was aware of your devotion.
You were not hungry.

You visited 1 branch

Inventory:

Hand Weapons
 p - a +0 lajatang (weapon)
Missiles
 d - 3 throwing nets (quivered)
Armour
 a - a +2 ring mail (worn)
 c - a +0 hat (worn)
Jewellery
 q - a +2 ring of protection (left hand)
 r - a +3 ring of strength (right hand)
Wands
 o - a wand of iceblast (7/15)
Scrolls
 k - 2 scrolls of blinking
 m - 3 scrolls of remove curse
 n - 2 scrolls of amnesia
Potions
 e - 5 potions of curing
 g - a potion of invisibility
 h - a potion of haste
 i - 4 potions of magic
 j - a potion of berserk rage
 l - 2 potions of heal wounds
Comestibles
 f - a bread ration


   Skills:
 + Level 2.7 Fighting
 - Level 14.4 Staves
 - Level 2.0 Throwing
 + Level 9.7 Dodging


You had 6 spell levels left.
You didn't know any spells.

Dungeon Overview and Level Annotations

Branches:
Dungeon (1/1)

Altars:
Cheibriados
Dithmenos
Elyvilon
Fedhas
Gozag
Kikubaaqudgha
Makhleb
Nemelex Xobeh
Okawaru
Pakellas
Qazlal
Ru
Sif Muna
Trog
Vehumet
Xom
Yredelemnul
Zin
The Shining One
Beogh
Jiyva
Lugonu


Innate Abilities, Weirdness & Mutations

You reflexively headbutt those who attack you in melee.
You have a pair of horns on your head.


Message History

Deactivating autopickup; reactivate with Ctrl-A.
You miss something. Something barely misses you. Something hits you. x2
Things that are here:
a +0 quarterstaff; a troll corpse You closely miss something.
You headbutt something. Something hits you but does no damage.
You hit something. Something hits you!
* * * LOW HITPOINT WARNING * * *
You miss something.
Something hits you but does no damage. x2
You hit something. Something hits you.
* * * LOW HITPOINT WARNING * * *
You barely miss something. Something hits you!
* * * LOW HITPOINT WARNING * * *
You closely miss something. Your headbutt misses something.
Something hits you but does no damage. Something hits you.
* * * LOW HITPOINT WARNING * * *
Something barely misses you. Something hits you!
You die... ▓▓▓▓▓▓▓▓▓▓▓▓▓▓▓▓▓▓▓▓▓▓▓▓▓▓ _________'..|)[[@.)o...... ▓▓▓▓▓▓▓▓▓▓▓▓▓▓▓▓▓▓▓▓▓▓▓▓▓▓

You could see an orc.

Vanquished Creatures
  A troll (D)
  A hippogriff (D)
  A centaur (D)
  A crimson imp (D)
  An orc wizard (D)
  A gnoll (D)
  A shadow imp (D)
  A giant gecko (D)
  3 bats (D)
  A bat zombie (D)
  2 goblins (D)
14 creatures vanquished.

Notes
Turn   | Place    | Note
--------------------------------------------------------------
     0 | D        | Reinor the Minotaur Gladiator began the quest for the Orb.
     0 | D        | Reached XP level 1. HP: 18/18 MP: 0/0
     6 | D        | Reached skill level 4 in Staves
    10 | D        | Reached skill level 5 in Staves
    26 | D        | Noticed an orc wizard
    26 | D        | Noticed a centaur
    26 | D        | Noticed a crimson imp
    31 | D        | Killed an orc wizard
    31 | D        | Reached skill level 8 in Staves
    31 | D        | Reached XP level 2. HP: 8/25 MP: 1/1
    31 | D        | Reached XP level 3. HP: 9/30 MP: 2/2
    36 | D        | Killed a centaur
    36 | D        | Reached skill level 11 in Staves
    36 | D        | Reached XP level 4. HP: 18/37 MP: 3/3
    51 | D        | Reached skill level 12 in Staves
    51 | D        | Reached skill level 5 in Dodging
    51 | D        | Reached XP level 5. HP: 13/42 MP: 4/4
   254 | D        | Found a glowing silver altar of Zin.
   254 | D        | Found a glowing golden altar of the Shining One.
   254 | D        | Found an ancient bone altar of Kikubaaqudgha.
   254 | D        | Found a basalt altar of Yredelemnul.
   254 | D        | Found a shimmering altar of Xom.
   254 | D        | Found a radiant altar of Vehumet.
   255 | D        | Found an iron altar of Okawaru.
   256 | D        | Found a burning altar of Makhleb.
   257 | D        | Found a deep blue altar of Sif Muna.
   258 | D        | Found a bloodstained altar of Trog.
   259 | D        | Found a sparkling altar of Nemelex Xobeh.
   260 | D        | Found a white marble altar of Elyvilon.
   261 | D        | Found a roughly hewn altar of Beogh.
   262 | D        | Found a viscous altar of Jiyva.
   263 | D        | Found a corrupted altar of Lugonu.
   264 | D        | Found a blossoming altar of Fedhas.
   265 | D        | Found a snail-covered altar of Cheibriados.
   266 | D        | Found a shadowy altar of Dithmenos.
   267 | D        | Found a stormy altar of Qazlal.
   268 | D        | Found an opulent altar of Gozag.
   269 | D        | Found a sacrificial altar of Ru.
   270 | D        | Found an oddly glowing altar of Pakellas.
   287 | D        | Became a worshipper of Warmaster Okawaru
   352 | D        | Noticed a hippogriff
   352 | D        | Noticed a troll
   354 | D        | Killed a hippogriff
   354 | D        | Reached skill level 13 in Staves
   354 | D        | Reached XP level 6. HP: 50/50 MP: 5/5
   363 | D        | Killed a troll
   363 | D        | Reached skill level 14 in Staves
   365 | D        | Reached * piety under Okawaru
   365 | D        | Reached XP level 7. HP: 29/56 MP: 6/6
   373 | D        | HP: 2/56 [something (7)]
   376 | D        | Mangled by an unseen horror

Vault maps used:
D:        linesprint

Action                   |  1- 3 |  4- 6 |  7- 9 || total
-------------------------+-------+-------+-------++-------
Melee: Quarterstaff      |    24 |    15 |       ||    39
       Lajatang          |       |    11 |     8 ||    19
  Use: Potion            |     1 |       |       ||     1
